Map: Year Zero LE

Players

puCK (Nina)

  • Race: Protoss Protoss
  • League: Grandmaster
  • Spawn Location: 1:00

TIME (Oliveira) - Winner!

  • Race: Terran Terran
  • Spawn Location: 11:00

Event: 2019 WCS Winter Americas

VOD

Have the link to the VOD?

Description

Time

  • Played on: March 24, 2019, 1:57 p.m.
  • Length: 11:42

All games in this series

Show
View Real Time Build Order
Export as new Build Order

puCK Protoss 

Build Orders: Phoenix Opening 

Get SALT Encoding   

  12  0:00  Probe  
  13  0:12  Probe  
  14  0:19  Pylon  
  14  0:24  Probe  
  15  0:34  Probe  
  15  0:39  Gateway  
  15  0:42  Probe  
  17  0:51  Assimilator, Probe  
  18  1:03  Probe  
  19  1:15  Probe  
  20  1:27  Cybernetics Core, Probe  
  21  1:34  Pylon  
  21  1:39  Probe  
  22  1:56  Stalker, Nexus  
  22  2:02  Assimilator  
  24  2:11  Probe  
  24  2:25  Probe  
  24  2:26  Warp Gate  
  24  2:37  Sentry, Probe  
  27  2:49  Probe  
  28  2:58  Pylon  
  28  3:01  Probe, Robotics Facility  
  28  3:03  Stalker  
  29  3:06  Probe  
  29  3:10  Probe  
  32  3:13  Phoenix  
  32  3:14  Probe  
  32  3:18  Probe  
  34  3:23  Probe  
  34  3:25  Gateway  
  36  3:32  Gateway  
  36  3:39  Probe  
  37  3:41  Probe  
  38  3:49  Observer  
  38  3:51  Probe  
  38  3:52  Pylon  
  38  3:55  Probe  
  41  4:00  Immortal  
  41  4:03  Probe  
  42  4:10  Probe  
  42  4:16  Stalker  
  49  4:26  Stalker  
  49  4:29  Probe  
  42  4:31  Probe  
  40  4:40  Probe  
  40  4:41  Probe  
  42  4:46  Warp Prism  
  42  4:48  Probe  
  45  4:53  Probe  
  45  4:56  Stalker  
  45  4:59  Probe  
  45  5:09  Probe  
  45  5:10  Probe  
  47  5:18  Probe x2  
  47  5:20  Robotics Bay  
  47  5:28  Zealot x2  
  51  5:33  Probe  
  51  5:34  Stalker  
  55  5:36  Probe  
  57  5:45  Probe, Pylon  
  57  5:46  Observer  
  57  5:48  Probe  
  60  5:52  Twilight Council  
  60  5:58  Probe  
  60  6:02  Probe  
  60  6:04  Disruptor  
  62  6:10  Probe  
  63  6:14  Assimilator, Probe  
  63  6:17  Stalker, Assimilator  
  69  6:22  Probe  
  70  6:40  Pylon  
  70  6:42  Observer, Blink  
  70  6:43  Pylon  
  70  6:46  Pylon  
  70  6:54  Observer, Pylon  
  70  6:57  Colossus, Pylon  
  70  6:58  Nexus  
  76  7:12  Stalker  
  76  7:13  Stalker  
  79  7:16  Probe  
  79  7:20  Probe  
  81  7:23  Pylon  
  81  7:24  Sentry  
  81  7:28  Probe  
  83  7:34  Probe  
  84  7:38  Stalker x2  
  84  7:40  Extended Thermal Lance  
  84  7:43  Forge, Probe  
  87  7:56  Stalker  
  89  7:58  Probe  
  89  7:59  Probe  
  89  8:04  Colossus  
  97  8:08  Stalker  
  95  8:17  Probe  
  77  8:21  Probe  
  77  8:22  Stalker x2  
  76  8:29  Probe  
  76  8:33  Probe  
  76  8:37  Stalker  
  76  8:41  Probe  
  76  8:45  Probe  
  76  8:48  Stalker  
  80  8:53  Probe  
  81  8:57  Probe  
  81  8:59  Protoss Ground Armor Level 1  
  81  9:02  Zealot x2  
  83  9:05  Probe  
  83  9:09  Probe  
  81  9:17  Stalker, Probe, Disruptor  
  81  9:21  Probe  
  85  9:25  Assimilator  
  85  9:29  Assimilator  
  85  9:30  Probe  
  89  9:34  Probe  
  89  9:37  Photon Cannon  
  90  9:42  Stalker, Probe  
  90  9:43  Zealot  
  95  9:46  Probe  
  96  9:54  Probe  
  96  9:59  Nexus  
  97  10:05  Disruptor  
  100  10:09  Probe x2  
  102  10:16  Stalker  
  102  10:19  Zealot, Pylon  
  102  10:21  Pylon  
  108  10:25  Zealot  
  108  10:29  Pylon  
  107  10:41  Stalker x2  
  102  10:58  Disruptor  
  102  10:59  Stalker  
  102  11:00  Probe  
  102  11:01  Probe  
  107  11:05  Zealot x2  
  109  11:12  Probe  
  108  11:22  Probe  
  108  11:23  Probe  
  108  11:24  Probe  
Show
View Real Time Build Order
Export as new Build Order

TIME Terran - Winner!

Build Orders: 1/1/1, Liberator Opening 

Get SALT Encoding   

  12  0:00  SCV  
  14  0:17  Supply Depot  
  14  0:18  SCV  
  14  0:30  SCV  
  15  0:41  Barracks  
  15  0:44  Refinery  
  15  0:48  SCV  
  16  0:55  Refinery  
  16  1:00  SCV  
  17  1:12  SCV  
  18  1:29  Reaper, Orbital Command  
  19  1:44  Factory  
  19  1:55  SCV  
  19  1:58  Supply Depot  
  20  2:03  Reaper  
  20  2:07  SCV  
  22  2:19  SCV  
  23  2:29  Starport, Widow Mine  
  25  2:31  SCV  
  25  2:35  Supply Depot  
  26  2:43  SCV  
  27  2:51  Widow Mine  
  29  2:55  SCV  
  30  3:06  Medivac  
  30  3:12  Widow Mine  
  34  3:19  Command Center  
  34  3:21  SCV  
  35  3:29  Supply Depot  
  35  3:30  Liberator  
  35  3:38  Factory Tech Lab  
  35  3:40  SCV  
  36  3:44  Barracks  
  39  3:52  SCV  
  40  3:57  Barracks Reactor  
  40  4:01  Siege Tank  
  43  4:06  SCV  
  44  4:18  SCV  
  43  4:35  Barracks Tech Lab, Marine x2  
  43  4:36  Orbital Command  
  43  4:37  SCV  
  44  4:43  Siege Tank  
  44  4:45  Viking  
  47  4:49  Engineering Bay  
  48  4:52  SCV, Marine  
  48  4:55  Stimpack  
  48  4:57  Marine  
  48  4:58  Marine  
  51  5:01  SCV  
  52  5:10  SCV, Marine  
  52  5:13  SCV  
  52  5:15  Refinery  
  52  5:16  Marine  
  52  5:18  Starport Reactor  
  53  5:24  Terran Infantry Weapons Level 1, SCV  
  53  5:25  SCV, Barracks  
  53  5:27  Marine  
  56  5:30  Marine  
  56  5:33  Supply Depot  
  57  5:36  SCV, Marine  
  57  5:39  SCV  
  60  5:46  Marauder  
  60  5:47  Supply Depot  
  62  5:54  SCV x2, Marine  
  62  5:56  Marine, Supply Depot  
  66  5:59  Medivac  
  68  6:07  SCV x2  
  68  6:09  Marauder  
  68  6:10  Supply Depot  
  72  6:15  Marauder  
  72  6:16  Combat Shield  
  74  6:18  Marine  
  74  6:19  SCV, Marine  
  77  6:30  SCV  
  79  6:34  Marauder  
  79  6:35  Marine  
  80  6:46  Marine  
  80  6:47  Supply Depot, Refinery  
  80  6:51  Marine  
  80  6:52  SCV  
  80  6:54  Marauder, Command Center  
  84  6:57  Widow Mine  
  84  6:58  Medivac  
  84  7:00  Medivac  
  89  7:02  SCV  
  90  7:10  Supply Depot  
  90  7:13  Marauder, Marine x2  
  94  7:15  SCV  
  94  7:19  SCV  
  94  7:20  Terran Infantry Armor Level 1  
  94  7:27  Liberator  
  94  7:28  Marauder  
  96  7:31  Marine  
  96  7:32  Factory Tech Lab  
  96  7:34  Marauder  
  96  7:35  Concussive Shells  
  99  7:40  SCV  
  99  7:43  Barracks  
  100  7:44  Barracks  
  100  7:48  Liberator  
  103  7:55  Marauder, SCV, Marine x2  
  111  8:11  SCV  
  110  8:12  Liberator  
  110  8:19  Marine  
  95  8:20  Marauder, Marine  
  95  8:22  SCV  
  100  8:28  Marauder  
  100  8:32  Siege Tank  
  100  8:33  Barracks Reactor  
  100  8:34  Barracks Tech Lab  
  108  8:35  SCV  
  108  8:37  Marine  
  108  8:38  Liberator  
  108  8:40  Orbital Command  
  109  8:44  Marauder, Marine  
  109  8:47  SCV  
  109  8:48  Supply Depot  
  113  8:49  Marine  
  117  9:00  Marine  
  117  9:01  Marauder, Marine, SCV  
  117  9:02  SCV  
  123  9:07  SCV  
  123  9:08  Supply Depot  
  123  9:09  Siege Tank, Supply Depot  
  127  9:10  Liberator  
  127  9:13  SCV  
  127  9:14  Armory  
  127  9:15  Marauder, Engineering Bay  
  124  9:18  Marine  
  124  9:19  Marauder, SCV  
  124  9:23  SCV  
  127  9:30  Marine  
  127  9:31  Marauder  
  133  9:33  SCV  
  133  9:34  SCV  
  133  9:36  Marauder, Marine, Refinery  
  133  9:37  Supply Depot, Refinery  
  138  9:45  SCV  
  138  9:47  Marauder, Marine x2  
  142  9:54  Marine  
  142  9:55  Marauder  
  142  9:56  SCV x2  
  144  10:01  Siege Tank  
  147  10:12  Supply Depot  
  147  10:13  Marine  
  147  10:14  Marauder  
  147  10:15  Viking  
  147  10:16  Viking  
  147  10:17  Marine x2  
  147  10:20  Command Center  
  153  10:24  Marine x2  
  153  10:25  Marauder  
  157  10:32  Marine  
  159  10:36  Marauder, Liberator  
  159  10:44  Marine x2  
  159  10:45  Marauder  
  159  10:46  Marine  
  159  10:48  Starport  
  161  10:52  Marauder, Marine  
  161  10:53  Siege Tank  
  161  10:56  Marine  
  164  11:02  Marine x2  
  162  11:10  Supply Depot  
  165  11:11  Supply Depot  
  165  11:17  SCV  
  165  11:28  SCV  
  165  11:30  SCV  
Tags
 
Add a new tag
Caveats
  • Supply blocks, unpowered buildings, or Contaminate may cause inaccurate times.
  • Supply counts are checked every 10 seconds.